 Dungeon Sprint DCSS version bcrawl-1.23 (webtiles) character file.

Game seed: 12570760002950387188

7780 Freyura the Blocker (level 11, -2/96 HPs)
             Began as a Formicid Fighter on May 22, 2020.
             Was a Priest of Ru.
             Killed from afar by a deep elf mage (5 damage)
             ... with an exploding inner flame
             ... hexed by the player character
             ... in the Dungeon (Sprint V: "Ziggurat Sprint").
             The game lasted 00:08:26 (742 turns).

Freyura the Blocker (Formicid Fighter)               Turns: 742, Time: 00:08:26

Health: -2/96      AC: 23    Str: 26    XL:     11   Next: 43%
Magic:  18/19      EV:  4    Int:  9    God:    Ru [***...]
Gold:   0          SH: 32    Dex: 19    Spells: 14/14 levels left

rFire    + + +     SeeInvis +   a - +7 great mace "Firestarter" {inner flame, rF++}
rCold    + . .     Gourm    .   m - +18 shield of the Gong {rElec rN+ MR+ EV-5}
rNeg     + . .     Faith    .   b - +5 gold dragon scales
rPois    +         Spirit   .   (helmet unavailable)
rElec    +         Reflect  .   (no cloak)
rCorr    .         Harm     .   (no gloves)
MR       ++...                  (no boots)
Stlth    ..........             (no amulet)
HPRegen  0.26/turn              x - +6 ring of dexterity
MPRegen  0.16/turn              B - +6 ring of strength

@: no potions
A: permanent stasis, dig shafts and tunnels, four strong arms, antennae 3,
inability to drink while threatened, hated by all, no necromancy magic, no
poison magic, no translocations magic
a: Dig, Draw Out Power, Renounce Religion


You were in the Dungeon.
You worshipped Ru.
Ru was most pleased with you.
You were not hungry.

You visited 1 branch

Inventory:

Hand Weapons
 a - the +7 great mace "Firestarter" (weapon) {inner flame, rF++}
   (You found it in the Dungeon)

   It has been specially enchanted to burn those struck by it, causing extra
   injury to most foes and up to half again as much damage against particularly
   susceptible opponents.
   It greatly protects you from fire.
Armour
 b - +5 gold dragon scales (worn)
 m - the +18 shield of the Gong (worn) {rElec rN+ MR+ EV-5}
   (You found it in the Dungeon)

   It affects your evasion (-5).
   It insulates you from electricity.
   It protects you from negative energy.
   It affects your resistance to hostile enchantments.
 s - the +3 plate armour "Lifinwev" {Int+3}
   (You found it in the Dungeon)

   It affects your intelligence (+3).
 y - the +4 chain mail of Veqeatsi {rN+ MR+}
   (You found it in the Dungeon)

   It protects you from negative energy.
   It affects your resistance to hostile enchantments.
Jewellery
 x - a +6 ring of dexterity (left hand)
 B - a +6 ring of strength (right hand)
Wands
 u - a wand of disintegration (7)
 v - a wand of iceblast (5)
 w - a wand of acid (7)
Scrolls
 c - 4 scrolls of amnesia
 k - 7 scrolls of fog
 l - 5 scrolls of identify
 n - 5 scrolls of remove curse
 o - 2 scrolls of fear
Potions
 d - 6 potions of might
 f - 10 potions of curing
 g - 8 potions of heal wounds
 h - 6 potions of haste
 i - 7 potions of magic
 j - 3 potions of berserk rage
 p - 2 potions of brilliance
 q - 2 potions of invisibility
 r - 4 potions of resistance
 t - 5 potions of agility
Miscellaneous
 D - a lightning rod (4/4)
Comestibles
 e - 8 rations {!d}


   Skills:
 + Level 12.7 Fighting
 + Level 11.6 Maces & Flails
 - Level 2.0 Throwing
 + Level 12.7 Armour
 + Level 8.8 Dodging
 - Level 2.8 Stealth
 + Level 13.8 Shields
 - Level 2.0 Unarmed Combat
 - Level 2.0 Spellcasting
 + Level 10.6 Evocations


You had 14 spell levels left.
You didn't know any spells.
Your spell library contained the following spells:

 Spells                   Type           Power        Failure   Level  Hunger
 Petrify                  Tmut/Erth      #.......     100%        4    #####..
 Yara's Violent Unravell  Hex/Tmut       #.........   100%        4    #####..
 Darkness                 Hex            #.........   100%        6    #######
 Infestation              Hex/Tmut/Pois  Unusable     N/A         6    N/A

Dungeon Overview and Level Annotations

Branches:
Dungeon (1/1)

Altars:
Ashenzari
Cheibriados
Dithmenos
Elyvilon
Fedhas
Gozag
Hepliaklqana
Kikubaaqudgha
Lugonu
Makhleb
Nemelex Xobeh
Okawaru
Qazlal
Ru
Sif Muna
Trog
Uskayaw
Vehumet
Wu Jian
Xom
Yredelemnul
Zin
The Shining One
Beogh
Jiyva

Annotations:
D 1 transporter


Innate Abilities, Weirdness & Mutations

You cannot be hasted, slowed, berserked, paralysed or teleported.
You can dig through walls and to a lower floor.
Your four strong arms can wield two-handed weapons with a shield.
You have a pair of large antennae on your head. (SInv)
You cannot drink potions while threatened.
You are hated by all.
You cannot study or cast Necromancy magic.
You cannot study or cast Poison magic.
You cannot study or cast Translocations magic.


Message History

The deep elf mage blinks!
You closely miss the deep elf mage.
The deep elf mage is heavily wounded.
You block the ice beast's attack.
GONNNNG!
The deep elf mage casts a spell at you. You resist. The bolt of cold hits you!
* * * LOW HITPOINT WARNING * * *
You hear a sizzling sound!
The deep elf archer shoots an arrow.
GONNNNG!
You block the arrow. You block the deep elf mage's attack.
BONNNG!
You block the ice beast's attack.
SHROANNG!
The deep elf mage hits you but does no damage.
You bludgeon the deep elf mage!! You burn the deep elf mage!
The deep elf mage explodes!
You resist. The fiery explosion engulfs you.
You die...

▓▓▓▓▓▓▓▓▓▓▓▓▓▓▓▓▓▓▓
▓...8©8..%▓..8©8..▓
▓..}[)[)..▓..))...▓
▓...=e}...▓..)=)..▓
▓.........▓..||)..▓
▓......e..▓..)))..▓
▓...e.....▓.......▓
{▓..§§§Y§..▓.......▓
{▓..§§@§§..▓.▓...▓.▓
▓..§§§§§..▓...©...▓
▓▓▓▓▓▓▓▓▓▓▓▓▓▓▓▓▓▓▓


{{{{{ {{{{{ {{{{{ {{{{ You could see a deep elf archer (blind), 2 deep elf magi
and an ice beast.

Vanquished Creatures
  A lorocyproca (D)
  A dancing weapon (D)
  3 two-headed ogres (D)
  A deep elf knight (D)
  A deep elf mage (D)
  A cane toad (D)
  A troll (D)
  A jumping spider (D)
  3 merfolk (D)
  5 hippogriffs (D)
  A tarantella (D)
  A necrophage (D)
  An orc warrior (D)
  3 phantoms (D)
  A wolf (D)
  An ogre (D)
  2 bullfrogs (D)
  A scorpion (D)
  An iguana (D)
  An iron imp (D)
  3 orc wizards (D)
  A white imp (D)
  An ufetubus (D)
  2 orcs (D)
  2 ball pythons (D)
40 creatures vanquished.

Vanquished Creatures (others)
  A water elemental (D)
1 creature vanquished.

Grand Total: 41 creatures vanquished

Notes
Turn   | Place    | Note
-------+----------+-------------------------------------------
     0 | D        | Freyura the Formicid Fighter began the quest for the Orb.
     0 | D        | Reached XP level 1. HP: 18/18 MP: 1/1
    14 | D        | Found a shimmering blue altar of Sif Muna.
    14 | D        | Found a bloodstained altar of Trog.
    14 | D        | Found a sacrificial altar of Ru.
    14 | D        | Found a stormy altar of Qazlal.
    14 | D        | Found an iron altar of Okawaru.
    17 | D        | Found a sparkling altar of Nemelex Xobeh.
    18 | D        | Found the +6 Majin-Bo {vamp, *Drain Str+12 Int+24}
    18 | D        | Found the +7 great mace "Firestarter" {inner flame, rF++}
    18 | D        | Found an ancient bone altar of Kikubaaqudgha.
    18 | D        | Found a corrupted altar of Lugonu.
    18 | D        | Found a transporter.
    18 | D        | Found a burning altar of Makhleb.
    18 | D        | Found a viscous altar of Jiyva.
    18 | D        | Found a hazy altar of Hepliaklqana.
    27 | D        | Found the +6 shillelagh "Devastator" {shatter}
    27 | D        | Found the +11 plutonium sword {*Contam Stlth-}
    27 | D        | Found the +8 lance "Wyrmbane" {slay drac, rPois rF+ rC+
                  | AC+3}
    27 | D        | Found the +9 sword of Zonguldrok {reap}
    27 | D        | Found the cursed +13 scythe of Curses {drain, *Curse}
    27 | D        | Found the +0 sword of Power
    27 | D        | Found the +7 mace of Variability {chain chaos}
    27 | D        | Found the +7 Singing Sword {slice}
    27 | D        | Found the +7 longbow "Piercer" {penet, EV-2}
    41 | D        | Found an opulent altar of Gozag.
    42 | D        | Found a blossoming altar of Fedhas.
    55 | D        | Found the +9 heavy crossbow "Sniper" {velocity, Acc+∞ SInv}
    55 | D        | Found the +10 dark maul {crush}
    55 | D        | Found the +15 Maxwell's patent armour {-Cast -Tele rElec
                  | MR+ rCorr}
    55 | D        | Found the +18 shield of the Gong {rElec rN+ MR+ EV-5}
    55 | D        | Found the cursed +14 obsidian axe {chop, +Fly SInv *Curse}
   116 | D        | Became a worshipper of Ru the Awakened
   127 | D        | Reached skill level 1 in Dodging
   127 | D        | Reached skill level 4 in Shields
   127 | D        | Reached XP level 2. HP: 25/25 MP: 1/5
   132 | D        | Entered arena 2.
   132 | D        | Found a transporter.
   133 | D        | Found the +5 pair of quick blades "Gyre" and "Gimble"
                  | {pierce}
   140 | D        | Entered arena 3.
   140 | D        | Noticed a jumping spider
   140 | D        | Noticed a tarantella
   140 | D        | Noticed a scorpion
   140 | D        | Found a transporter.
   145 | D        | Killed a scorpion
   145 | D        | Reached skill level 5 in Fighting
   145 | D        | Reached skill level 5 in Armour
   145 | D        | Reached skill level 5 in Shields
   145 | D        | Reached XP level 3. HP: 28/33 MP: 3/6
   145 | D        | Reached XP level 4. HP: 33/39 MP: 3/7
   147 | D        | Killed a jumping spider
   147 | D        | Reached skill level 7 in Shields
   147 | D        | Reached XP level 5. HP: 42/48 MP: 3/8
   147 | D        | Reached XP level 6. HP: 48/55 MP: 3/9
   148 | D        | Gained mutation: You cannot study or cast Poison magic. [Ru
                  | sacrifice]
   148 | D        | Gained mutation: You cannot study or cast Necromancy magic.
                  | [Ru sacrifice]
   148 | D        | Gained mutation: You cannot study or cast Translocations
                  | magic. [Ru sacrifice]
   148 | D        | Reached * piety under Ru
   149 | D        | Killed a tarantella
   149 | D        | Reached skill level 8 in Shields
   149 | D        | Reached XP level 7. HP: 54/62 MP: 3/10
   162 | D        | Got the Guide on Ashen Curses
   164 | D        | Got the +3 plate armour "Lifinwev" {Int+3}
   167 | D        | Entered arena 4.
   167 | D        | Found a transporter.
   170 | D        | Reached skill level 9 in Shields
   181 | D        | Reached XP level 8. HP: 52/71 MP: 8/11
   257 | D        | Entered arena 5.
   257 | D        | Noticed a lorocyproca
   257 | D        | Found a transporter.
   266 | D        | Killed a lorocyproca
   266 | D        | Reached skill level 10 in Fighting
   266 | D        | Reached skill level 10 in Armour
   266 | D        | Reached skill level 5 in Dodging
   266 | D        | Reached skill level 10 in Shields
   266 | D        | Reached XP level 9. HP: 42/78 MP: 0/13
   360 | D        | Entered arena 6.
   360 | D        | Noticed a two-headed ogre
   360 | D        | Noticed a two-headed ogre
   360 | D        | Noticed a troll
   360 | D        | Noticed a two-headed ogre
   360 | D        | Found a transporter.
   362 | D        | Killed a troll
   362 | D        | Reached skill level 11 in Shields
   362 | D        | Killed a two-headed ogre
   365 | D        | Killed a two-headed ogre
   365 | D        | Reached skill level 10 in Maces & Flails
   365 | D        | Reached skill level 12 in Shields
   365 | D        | Reached XP level 10. HP: 84/87 MP: 13/16
   365 | D        | Killed a two-headed ogre
   376 | D        | Gained mutation: You are hated by all. [Ru sacrifice]
   376 | D        | Reached ** piety under Ru
   391 | D        | Entered arena 7.
   391 | D        | Noticed a cane toad
   392 | D        | Found a transporter.
   400 | D        | Killed a cane toad
   513 | D        | Entered arena 8.
   514 | D        | Found a transporter.
   529 | D        | Gained mutation: You cannot drink potions while threatened.
                  | [Ru sacrifice]
   529 | D        | Reached *** piety under Ru
   534 | D        | Got the +4 chain mail of Veqeatsi {rN+ MR+}
   548 | D        | Entered arena 9.
   549 | D        | Found a transporter.
   554 | D        | Reached skill level 13 in Shields
   554 | D        | Reached XP level 11. HP: 60/95 MP: 18/18
   729 | D        | Entered arena 10.
   729 | D        | Noticed a deep elf archer
   729 | D        | Noticed a deep elf mage
   729 | D        | Noticed a deep elf mage
   729 | D        | Noticed a deep elf mage
   729 | D        | Noticed a deep elf mage
   729 | D        | Noticed a deep elf knight
   729 | D        | Noticed a +1 short sword of holy wrath
   730 | D        | Found a transporter.
   731 | D        | Killed a +1 short sword of holy wrath
   731 | D        | Reached skill level 10 in Evocations
   734 | D        | Killed a deep elf knight
   739 | D        | Killed a deep elf mage
   741 | D        | HP: 3/96 [deep elf mage/bolt of cold (7)]
   742 | D        | Killed a deep elf mage
   742 | D        | Killed from afar by a deep elf mage

Skill      XL: |  1  2  3  4  5  6  7  8  9 10 11 |
---------------+----------------------------------+-----
Fighting       | 4 5 7 8 9 10 11 12 | 12.7
Maces & Flails | 3 4 6 7 9 10 11 | 11.6
Throwing       | 2 |  2.0
Armour         | 4 5 7 8 9 10 11 12 | 12.7
Dodging        | 1 3 5 6 7 8 |  8.8
Stealth        | 2 |  2.8
Shields        | 4 5 7 8 9 10 12 13 | 13.8
Unarmed Combat | 2 |  2.0
Spellcasting   | 2 |  2.0
Evocations     | 2 4 6 8 9 10 | 10.6

Action                   |  1- 3 |  4- 6 |  7- 9 | 10-12 || total
-------------------------+-------+-------+-------+-------++-------
Melee: Great mace        |     6 |     3 |    20 |    43 ||    72
Invok: Sacrifice Arcana  |       |     1 |       |       ||     1
       Sacrifice Drink   |       |       |       |     1 ||     1
       Sacrifice Love    |       |       |       |     1 ||     1
Evoke: Wand              |       |       |     2 |       ||     2
  Use: Potion            |     1 |       |     2 |       ||     3
Armor: Gold dragon scale |     9 |     8 |    12 |    39 ||    68
Dodge: Dodged            |     2 |       |       |    16 ||    18
Block: Medium shield     |    20 |    10 |    33 |   111 ||   174
